 Dungeon Crawl Stone Soup version 0.22.1-1-ga44c0e56f4 (webtiles) character file.

3217 MDKed the Thaumaturge (level 9, -1/57 HPs)
             Began as a Mummy Summoner on Nov 5, 2018.
             Was a Priest of Sif Muna.
             Slain by a yak (12 damage)
             ... on level 2 of the Lair of Beasts on Nov 12, 2018.
             The game lasted 01:48:58 (14130 turns).

MDKed the Thaumaturge (Mummy Summoner)             Turns: 14130, Time: 01:48:59

Health: -1/57      AC:  8    Str: 13    XL:     9   Next: 65%
Magic:  3/22       EV: 13    Int: 18    God:    Sif Muna [***...]
Gold:   582        SH:  0    Dex: 13    Spells: 10/26 levels left

rFire    . . .     SeeInvis .   i - staff of wizardry
rCold    . . .     Gourm    .   (no shield)
rNeg     + + +     Faith    .   c - +0 robe
rPois    ∞         Spirit   .   (no helmet)
rElec    .         Reflect  .   h - +2 cloak
rCorr    .         Harm     .   f - +0 pair of gloves
MR       +....                  e - +0 pair of boots
Stlth    +++.......             (no amulet)
HPRegen  0.19/turn              v - ring of fire
MPRegen  0.18/turn              w - ring of the Octopus King {AC+1 EV+1 Str+1 Int+1 Dex+1 Stlth+}

@: no status effects
A: no food or potions, fire vulnerability, cold resistance 1, negative energy
resistance 3, torment resistance, unbreathing
a: Divine Energy, Channel Magic, Renounce Religion


You were on level 2 of the Lair of Beasts.
You worshipped Sif Muna.
Sif Muna was most pleased with you.
You were not hungry.

You visited 3 branches of the dungeon, and saw 12 of its levels.
You also visited: Ossuary.

You collected 582 gold pieces.

Inventory:

Hand Weapons
 m - a +4 quarterstaff of chaos
 A - a +5 quarterstaff of crushing
Armour
 a - a +0 robe
 b - a +1 shield of poison resistance
 c - a +0 robe (worn)
 e - a +0 pair of boots (worn)
 f - a +0 pair of gloves (worn)
 h - a +2 cloak (worn)
 l - +0 shadow dragon scales
 o - the +5 pair of boots of a labyrinth {+Fly rElec MP-9 Int+2}
   (You found it on level 6 of the Dungeon)

   It affects your intelligence (+2).
   It insulates you from electricity.
   It affects your magic capacity (-9).
   It lets you fly.
 p - a +0 cloak
Magical Staves
 i - an uncursed staff of wizardry (weapon)
Jewellery
 d - an uncursed ring of resist corrosion
 s - an uncursed ring of protection from cold
 t - a +6 ring of dexterity
 v - a ring of fire (left hand)
 w - a ring of the Octopus King (right hand) {AC+1 EV+1 Str+1 Int+1 Dex+1 Stlth+}
   (You found it on level 8 of the Dungeon)

   [ring of stealth]

   It affects your AC (+1).
   It affects your evasion (+1).
   It affects your strength (+1).
   It affects your intelligence (+1).
   It affects your dexterity (+1).
   It makes you more stealthy.
 B - a cursed ring of teleportation {unknown}
Wands
 g - a wand of polymorph (9)
 x - a wand of random effects (36)
 C - a wand of acid (6)
 E - a wand of paralysis (16)
Scrolls
 j - 2 scrolls of immolation
 k - 4 scrolls of teleportation
 n - a scroll of enchant armour
 q - a scroll of amnesia
 r - a scroll of blinking
 u - 2 scrolls of remove curse
Miscellaneous
 F - a crystal ball of energy


   Skills:
 + Level 2.3 Dodging
 + Level 2.0 Stealth
 + Level 9.3 Spellcasting
 + Level 1.8 Hexes
 * Level 9.2 Summonings
 + Level 2.7 Ice Magic


You had 10 spell levels left.
You knew the following spells:

 Your Spells              Type           Power        Failure   Level  Hunger
a - Summon Ice Beast      Ice/Summ       ####....     2%          4    N/A
b - Call Imp              Summ           #####...     1%          2    N/A
c - Call Canine Familiar  Summ           #####...     1%          3    N/A
d - Summon Guardian Gole  Hex/Summ       ####....     1%          3    N/A
e - Summon Lightning Spi  Summ/Air       ####....     5%          4    N/A

Your spell library contained the following spells:

 Spells                   Type           Power        Failure   Level  Hunger
 Summon Small Mammal      Summ           ####         1%          1    N/A
 Sticks to Snakes         Tmut           #.......     5%          2    N/A
 Beastly Appendage        Tmut           Unusable     N/A         1    N/A
 Spider Form              Tmut/Pois      Unusable     N/A         3    N/A
 Ice Form                 Ice/Tmut       Unusable     N/A         4    N/A
 Blade Hands              Tmut           Unusable     N/A         5    N/A

Dungeon Overview and Level Annotations

Branches:
Dungeon (9/15)             Temple (1/1) D:6            Lair (2/6) D:9
  Swamp: Lair:2-4    Shoals: Lair:2-4     Snake: Lair:2-4    Spider: Lair:2-4
    Orc: D:9-12

Altars:
Ashenzari
Cheibriados
Dithmenos
Elyvilon
Fedhas
Gozag
Hepliaklqana
Kikubaaqudgha
Makhleb
Nemelex Xobeh
Okawaru
Qazlal
Ru
Sif Muna
Trog
Uskayaw
Vehumet
Wu Jian
Xom
Yredelemnul
Zin
The Shining One

Shops:
D:7 :


Innate Abilities, Weirdness & Mutations

You do not eat or drink.
Your flesh is vulnerable to fire.
You are immune to poison.
Your flesh is cold resistant. (rC+)
You are immune to negative energy. (rN+++)
You are immune to unholy pain and torment.
You can survive without breathing.


Message History

Aim: a crocodile (moderately wounded) Attack!
The yak gores you!
* * * LOW HITPOINT WARNING * * *
What are your orders? t - Shout!
Orders for allies: a - Attack new target. p - Attack previous target. r - Retreat! s - Stop attacking. g - Guard the area. f - Follow me.
Anything else - Cancel.
Gang up on whom?
Press: ? - help, Dir - move target cursor, f - yak, p - crocodile
Aim: a yak (almost dead) Attack!
The yak gores you.
* * * LOW HITPOINT WARNING * * *
Your ice beast barely misses the yak.
Casting: Summon Ice Beast (safe; 2% risk of failure)
Confirm with . or Enter, or press ? or * to list all spells.
A beastly little devil appears in a puff of flame.
The yak gores you!
You die...

. #....P.##t###
...##.........##
### ##P####....##
#####..###..P#
####.........5.##
##P.........Y....#
.P.P...5..t.....##
.........YY....#
.##....@......P#
#..<........##
#............P
#.###P######.## ##
### ##


You could see a yak, a crocodile, 2 friendly ice beasts, a friendly crimson imp
and a friendly white imp.

Vanquished Creatures
  A jackal (D:9)
1 creature vanquished.

Vanquished Creatures (collateral kills)
  Harold (D:7)
  The ghost of topfpfpflanze the Vexing, a novice VSEn of Okawaru (D:5)
  Joseph (D:9)
  Prince Ribbit (D:9)
  A queen bee (D:9)
  A hippogriff (D:8)
  A wraith (D:9)
  2 yaks (Lair:2)
  The ghost of choopm the Cudgeler, an amateur MiBe of Trog (D:3)
  A water moccasin (D:9)
  3 sky beasts
  A porcupine (Lair:1)
  An ice beast (D:9)
  2 black bears (D:6)
  An eye of draining (D:9)
  An ogre (D:9)
  A phantom (D:9)
  3 centaurs
  2 crocodiles (Lair:1)
  A gnoll sergeant (D:5)
  5 bullfrogs
  A scorpion (D:7)
  13 killer bees (D:9)
  A vampire bat (D:5)
  A crimson imp (D:7)
  A quasit (D:7)
  A bullfrog zombie (D:5)
  5 hounds
  3 orc priests
  2 human zombies (Ossuary)
  2 bullfrog skeletons
  9 orc wizards
  Crazy Yiuf (D:7)
  A centaur skeleton (D:9)
  3 iguanas
  2 worker ants
  A big kobold zombie (Ossuary)
  2 hound zombies
  2 hound skeletons
  4 mummies (Ossuary)
  A worker ant zombie (D:8)
  4 gnolls (D:5)
  9 adders
  4 adder zombies
  4 worms
  A dart slug (D:4)
  2 leopard geckos
  19 orcs
  2 spectral bats (D:5)
  15 bats
  3 bat skeletons (D:5)
  A bat zombie (D:5)
  3 fire bats (D:5)
  5 giant cockroaches
  8 goblins
  7 hobgoblins
  7 jackals
  7 quokkas
  3 ball pythons
  A bat simulacrum (D:5)
  3 frilled lizards (D:4)
  A goblin zombie (Ossuary)
  A jackal skeleton (D:8)
  A jackal zombie (Ossuary)
  13 kobolds
  3 kobold zombies (Ossuary)
  A leopard gecko skeleton (D:4)
  A leopard gecko zombie (D:3)
  7 rats
  A rat zombie (Ossuary)
  2 fungi (Lair:2)
  A plant (Lair:1)
228 creatures vanquished.

Vanquished Creatures (others)
  3 yaks (Lair:2)
  4 fungi (Lair:2)
  3 plants (Lair:2)
10 creatures vanquished.

Grand Total: 239 creatures vanquished

Notes
Turn   | Place    | Note
-------+----------+-------------------------------------------
     0 | D:1      | MDKed the Mummy Summoner began the quest for the Orb.
     0 | D:1      | Reached XP level 1. HP: 13/13 MP: 4/4
   623 | D:1      | Reached XP level 2. HP: 19/19 MP: 0/5
   627 | D:1      | Learned a level 2 spell: Call Imp
  1965 | D:2      | Reached XP level 3. HP: 24/24 MP: 1/7
  2007 | D:2      | Learned a level 3 spell: Call Canine Familiar
  2011 | D:2      | Learned a level 3 spell: Summon Guardian Golem
  2121 | D:2      | Found a sparkling altar of Nemelex Xobeh.
  3124 | D:3      | Found an iron altar of Okawaru.
  3299 | D:3      | Noticed a bullfrog
  3309 | D:3      | Killed a bullfrog
  3309 | D:3      | Reached XP level 4. HP: 30/30 MP: 1/10
  3481 | D:3      | Found a hide-covered altar of Uskayaw.
  3521 | D:3      | Found a runed door.
  3526 | D:3      | Noticed choopm's ghost (amateur MiBe)
  3627 | D:3      | Killed choopm's ghost
  3627 | D:3      | Reached XP level 5. HP: 35/35 MP: 1/12
  3854 | D:3      | Learned a level 4 spell: Summon Ice Beast
  4068 | D:3      | Reached skill level 5 in Spellcasting
  4876 | D:4      | Reached XP level 6. HP: 41/41 MP: 3/13
  5277 | D:5      | Entered Level 5 of the Dungeon
  5352 | D:5      | Reached skill level 5 in Summonings
  6229 | D:5      | Found a runed door.
  6230 | D:5      | Noticed topfpfpflanze's ghost (novice VSEn)
  6360 | D:5      | Killed topfpfpflanze's ghost
  6360 | D:5      | Reached skill level 1 in Ice Magic
  6360 | D:5      | Reached XP level 7. HP: 46/46 MP: 1/16
  6367 | D:5      | Learned a level 4 spell: Summon Lightning Spire
  6933 | D:6      | Found a shadowy altar of Dithmenos.
  6968 | D:6      | Got a pair of brightly glowing boots
  6969 | D:6      | Identified the +5 pair of boots of a labyrinth {+Fly rElec
                  | MP-9 Int+2} (You found it on level 6 of the Dungeon)
  7131 | D:6      | Found a bloodstained altar of Trog.
  7137 | D:6      | Reached skill level 1 in Hexes
  7829 | D:6      | Found a staircase to the Ecumenical Temple.
  7903 | Temple   | Entered the Ecumenical Temple
  7917 | Temple   | Became a worshipper of Sif Muna the Loreminder
  8207 | D:7      | Found Axank's Book Boutique.
  8629 | D:7      | Noticed Harold
  8860 | D:7      | Killed Harold
  8860 | D:7      | Reached XP level 8. HP: 52/52 MP: 1/19
  8983 | D:7      | Found a runed door.
  9343 | D:7      | Noticed Crazy Yiuf
  9350 | D:7      | Killed Crazy Yiuf
  9696 | D:8      | Found a sand-covered staircase.
  9718 | Ossuary  | Entered an ossuary
  9881 | Ossuary  | Reached * piety under Sif Muna
 10456 | D:8      | Noticed a hippogriff
 10484 | D:8      | Killed a hippogriff
 10834 | D:8      | Found the ring of the Octopus King
 10840 | D:8      | Got a ring of the Octopus King
 10850 | D:8      | Identified a scroll of acquirement
 10854 | D:8      | Identified a ring of the Octopus King {AC+1 EV+1 Str+1
                  | Int+1 Dex+1 Stlth+} (You found it on level 8 of the
                  | Dungeon)
 11437 | D:9      | Noticed a queen bee
 11638 | D:9      | Killed a queen bee
 11638 | D:9      | Reached XP level 9. HP: 54/57 MP: 1/21
 11742 | D:9      | Reached ** piety under Sif Muna
 11758 | D:9      | Noticed Prince Ribbit
 11772 | D:9      | Killed Prince Ribbit
 12177 | D:9      | Found a blossoming altar of Fedhas.
 12230 | D:9      | Found a staircase to the Lair.
 12404 | D:9      | Noticed Joseph
 12420 | D:9      | Killed Joseph
 12682 | D:9      | Found the +5 scythe "Finisher" {speed, Str+3}
 12816 | D:9      | Found a stormy altar of Qazlal.
 12816 | D:9      | Found a faded altar of an unknown god.
 12821 | D:9      | Found a glowing silver altar of Zin.
 12823 | D:9      | Found a white marble altar of Elyvilon.
 12824 | D:9      | Found a faded altar of an unknown god.
 13242 | Lair:1   | Entered Level 1 of the Lair of Beasts
 13696 | Lair:1   | Reached *** piety under Sif Muna
 14130 | Lair:2   | Slain by a yak

Skill      XL: |  1  2  3  4  5  6  7  8  9 |
---------------+----------------------------+-----
Spellcasting   | 3 4 5 6 7 8 9 |  9.3
Summonings     | 4 5 6 8 9 |  9.2
Ice Magic      | 1 2 |  2.7
Hexes          | 1 |  1.8
Dodging        | 2 |  2.3
Stealth        | 2 |  2.0

Action                   |  1- 3 |  4- 6 |  7- 9 || total
-------------------------+-------+-------+-------++-------
Melee: Unarmed           |    13 |       |       ||    13
       Staff             |       |     2 |    10 ||    12
 Cast: Summon Small Mamm |    36 |       |       ||    36
       Call Imp          |    41 |    22 |    68 ||   131
       Summon Guardian G |    11 |    14 |    38 ||    63
       Call Canine Famil |     7 |    13 |    52 ||    72
       Summon Ice Beast  |       |    21 |    63 ||    84
       Summon Lightning  |       |       |     1 ||     1
  Use: Scroll            |     3 |     6 |    14 ||    23
Armor: Robe              |    36 |    52 |    61 ||   149
Dodge: Dodged            |    83 |    70 |   120 ||   273
